 Dungeon Crawl Stone Soup version 0.24.0-123-gd5b16e6ec5 (webtiles) character file.

Game seed: 15218425785461156112, levelgen mode: deterministic

86 FishyPogo the Skirmisher (level 4, -2/52 HPs)
             Began as a Demonspawn Berserker on Jan 30, 2020.
             Was a Believer of Trog.
             Slain by an iguana (5 damage)
             ... on level 3 of the Dungeon.
             The game lasted 00:04:08 (1691 turns).

FishyPogo the Skirmisher (Demonspawn Berserker)     Turns: 1691, Time: 00:04:09

Health: -2/52      AC:  5    Str: 23    XL:     4   Next: 27%
Magic:  0/4        EV: 11    Int:  9    God:    Trog [**....]
Gold:   90         SH:  0    Dex: 12    Spells: 3/3 levels left

rFire    . . .     SeeInvis .   a - +2 dagger (venom)
rCold    . . .     Gourm    .   (no shield)
rNeg     . . .     Faith    .   q - +0 ring mail
rPois    .         Spirit   +   (no helmet)
rElec    .         Reflect  .   (no cloak)
rCorr    .         Harm     .   (no gloves)
MR       .....                  (no boots)
Stlth    ..........             (no amulet)
HPRegen  0.17/turn              (no ring)
MPRegen  0.09/turn              (no ring)

@: berserking, very quick
A: magic shield
a: Berserk, Trog's Hand, Renounce Religion


You were on level 3 of the Dungeon.
You worshipped Trog.
Trog was pleased with you.
You were very hungry.

You visited 1 branch of the dungeon, and saw 3 of its levels.

You collected 90 gold pieces.

Inventory:

Hand Weapons
 a - a +2 dagger of venom (weapon)
Missiles
 i - 43 stones (quivered)
Armour
 b - a +0 animal skin
 q - a +0 ring mail (worn)
Jewellery
 m - an uncursed ring of flight {unknown}
Scrolls
 d - 4 scrolls of identify {unknown}
 e - 4 scrolls of amnesia {unknown}
 g - a scroll of teleportation {unknown}
 p - a scroll of remove curse {unknown}
Potions
 f - a potion of brilliance {unknown}
 h - a potion of lignification {unknown}
 j - a potion of resistance {unknown}
 k - a potion of haste {unknown}
 l - a potion of flight {unknown}
 n - a potion of magic {unknown}
 r - a potion of ambrosia {unknown}
Comestibles
 c - 3 rations
 o - 6 chunks of flesh


   Skills:
 + Level 3.4 Fighting
 + Level 3.1 Short Blades
 + Level 1.2 Throwing
 * Level 3.0 Armour
 - Level 2.0 Dodging


You had 3 spell levels left.
You didn't know any spells.
Your spell library was empty.

Dungeon Overview and Level Annotations

Branches:
Dungeon (3/15)

Altars:
Gozag
Makhleb
Uskayaw

Shops:
D:3 *


Innate Abilities, Weirdness & Mutations

When hurt, damage is shared between your health and your magic reserves.


Message History

Found a hide-covered altar of Uskayaw.
You hit the dart slug.
The dart slug is poisoned.
The dart slug is lightly wounded.
A dart slug comes into view.
You hit the dart slug.
The dart slug is heavily wounded.
The dart slug barely misses you.
You hit the dart slug.
The dart slug looks even sicker.
The dart slug is almost dead.
You kill the dart slug!
Trog accepts your kill.
Your Armour skill increases to level 3!
You hit the iguana but do no damage.
The iguana is poisoned.
The iguana bites you!
* * * LOW HITPOINT WARNING * * *
A red film seems to cover your vision as you go berserk!
You feel yourself moving faster!
You feel mighty!
You are feeling very hungry.
The iguana bites you.
You die...

......... .......#
....... #....# #....#
#....# ## #...w### ###..
####.l.##... ###@.#.####
##......## ###..###..#
#.......# . #.≈≈.≈≈.# .#
##.≈...≈.##..#
#..≈._.≈...... ##
#.≈≈...≈≈....#
#...########.≈...÷.≈....#


You could see an iguana and a dart slug.

Vanquished Creatures
  A worker ant (D:2)
  An adder (D:2)
  An ooze (D:3)
  5 worms
  2 dart slugs
  5 bats
  5 hobgoblins (D:1)
  2 jackals (D:2)
  5 kobolds
  5 frilled lizards
  2 goblins
  4 rats
38 creatures vanquished.

Notes
Turn   | Place    | Note
-------+----------+-------------------------------------------
     0 | D:1      | FishyPogo the Demonspawn Berserker began the quest for the
                  | Orb.
     0 | D:1      | Reached XP level 1. HP: 18/18 MP: 1/1
   219 | D:1      | Gained mutation: When hurt, damage is shared between your
                  | health and your magic reserves. [demonic ancestry]
   219 | D:1      | Reached XP level 2. HP: 18/24 MP: 2/2
   681 | D:2      | Reached XP level 3. HP: 18/29 MP: 0/3
  1062 | D:2      | Reached skill level 1 in Throwing
  1268 | D:2      | Reached ** piety under Trog
  1302 | D:2      | Found a burning altar of Makhleb.
  1554 | D:2      | Reached XP level 4. HP: 31/35 MP: 2/4
  1622 | D:3      | Found Gozag's Platinum Reserve.
  1622 | D:3      | Found an opulent altar of Gozag.
  1683 | D:3      | Found a hide-covered altar of Uskayaw.
  1689 | D:3      | HP: 1/35 [iguana (10)]
  1691 | D:3      | Slain by an iguana

Levels and vault maps discovered:
D:1:      dpeg_arrival_rhombus, layout_loops_ring, hangedman_glass_teeth,
          minmay_misc_feat_doors
D:2:      layout_rooms, lightli_temple_of_fire, minmay_heptomino_w4
D:3:      layout_rooms, nicolae_ru_the_path_less_chosen,
          grunt_temple_overflow_open, nicolae_gozag_zags_fifth_avenue,
          uniq_natasha, uniq_grinder

Skill      XL: |  1  2  3  4 |
---------------+-------------+-----
Armour         | 2 3 |  3.0
Dodging        | 2 |  2.0
Short Blades   | 3 |  3.1
Throwing       | 1 |  1.2
Fighting       | |  3.4

Action                   |  1- 3 |  4- 6 || total
-------------------------+-------+-------++-------
Melee: Short sword       |    70 |       ||    70
       Dagger            |    53 |    26 ||    79
Invok: Berserk           |     1 |     1 ||     2
 Stab: Sleeping          |     1 |       ||     1
  Eat: Chunk             |     3 |       ||     3
Armor: Animal skin       |    30 |       ||    30
       Ring mail         |       |     2 ||     2
Dodge: Dodged            |    69 |     8 ||    77
